AoeStats
← RegularPeruvian

Arena

509795313Analyzed
1v1 RM · 4d ago on Sep 28, 2026· 39m 31s· 2 players
Game mode
Random Map
Map size
Tiny (2 player)
Population
200
Speed
Normal
Resources
Standard
Victory
Conquest
Starting age
Dark Age
Ending age
Imperial Age
RankedLock teamsTeams togetherTeam positionsShared explorationLock speedFull tech treeHidden civsTurbo modeCheats
Victory
Defeat
🇵🇪 Koreans · Peru
847
+16
🇺🇸 Turks · United States
849
-16
RegularPeruvian
9:43 Feudal Age
10:38 Horse Collar
10:56 Double-Bit Axe
13:40 Fletching
17:57 Horse Collar
27:41 Castle Age
28:31 Crossbowman
37:40 Imperial Age
35:40 Forging
36:05 Gold Mining
37:45 Gold Shaft Mining
37:24 Loom
Mackenzie.Tittle
12:07 Feudal Age
14:17 Loom
14:13 Man-at-Arms
15:42 Wheelbarrow
14:59 Double-Bit Axe
18:02 Horse Collar
21:33 Castle Age
21:31 Gold Mining
21:32 Stone Mining
22:40 Padded Archer Armor
25:43 Fletching
27:04 Bow Saw
28:26 Leather Archer Armor
29:03 Bodkin Arrow
32:31 Heavy Plow
33:26 Gold Shaft Mining
35:17 Hand Cart
41:08 Imperial Age
Connection lost

Rejoining the realm…

Still unreachable

The connection could not be restored.

Session expired

The server has moved on; the page needs a fresh start.